 Dungeon Crawl Stone Soup version 0.30.1-11-g7821555f0a (webtiles) character file.

Game seed: 10744363730181661811

19652 Jerry the Grappler (level 12, -6/123 HPs)
             Began as a Troll Monk on Dec 10, 2023.
             Was an Elder of Uskayaw.
             Mangled by a seven-headed hydra (13 damage)
             ... on level 4 of the Lair of Beasts.
             The game lasted 00:36:44 (9851 turns).

Jerry the Grappler (Troll Monk)                     Turns: 9851, Time: 00:36:44

Health: -6/123     AC:  9    Str: 24    XL:     12   Next: 38%
Magic:  15/15      EV: 13    Int:  9    God:    Uskayaw [****..]
Gold:   545        SH:  0    Dex: 15    Spells: 11/11 levels left

rFire   . .          .
                       - Unarmed
rCold   . . .        c - orb {light}
rNeg    . . .        J - +1 troll leather armour
rPois   .            (helmet restricted)
rElec   .            (no cloak)
rCorr   +            (gloves unavailable)
SInv    .            (boots unavailable)
Will    +....        (no amulet)
Stlth   +            l - ring of resist corrosion
HPRegen 2.00/turn    G - +4 ring of protection
MPRegen 0.14/turn

%: no passive effects
@: about to teleport, glowing
A: large, unfitting armour, claws 3, regeneration 1, shaggy fur 1, tough skin 1,
agile 1, clever 1, deformed body, strong-willed 1
a: Renounce Religion, Stomp, Line Pass


You were on level 4 of the Lair of Beasts.
You worshipped Uskayaw.
Uskayaw was noncommittal.
You visited 4 branches of the dungeon, and saw 14 of its levels.

You collected 545 gold pieces.

Inventory:

Missiles
 g - 4 throwing nets (quivered)
Armour
 c - an orb of light (worn)
 J - a +1 troll leather armour (worn)
Jewellery
 a - a ring of wizardry
 d - a ring of see invisible
 l - a ring of resist corrosion (left claw)
 o - a ring of protection from fire
 s - the ring "Ritrull" {Wiz Str+3}
   (You found it on level 7 of the Dungeon)

   [ring of wizardry]

   It improves your spell success rate.
   Str:       It affects your strength (+3).
 z - a ring of positive energy
 G - a +4 ring of protection (right claw)
 H - a ring of protection from fire
Wands
 e - a wand of flame (28)
 f - a wand of polymorph (6)
 A - a wand of light (9)
 I - a wand of charming (5)
Scrolls
 j - 2 scrolls of fear
 k - 3 scrolls of enchant weapon
 n - a scroll of amnesia
 p - 2 scrolls of identify
 q - a scroll of fog
 x - 2 scrolls of noise
 y - 2 scrolls of teleportation
Potions
 b - 2 potions of ambrosia
 h - 6 potions of heal wounds
 i - 6 potions of curing
 m - 3 potions of flight
 r - a potion of might
 u - a potion of resistance
 v - 2 potions of attraction {unknown}
 w - 3 potions of lignification
 B - 2 potions of degeneration {unknown}
 D - a potion of magic {unknown}
 E - 3 potions of haste {unknown}
 F - 2 potions of cancellation {unknown}


   Skills:
 + Level 9.1 Fighting
 + Level 3.7 Armour
 + Level 9.1 Dodging
 * Level 12.7 Unarmed Combat
 + Level 6.0 Invocations


You had 11 spell levels left.
You didn't know any spells.
Your spell library contained the following spells:

 Spells                   Type           Power      Damage    Failure   Level
 Freeze                   Ice            0%         1d3       41%         1
 Magic Dart               Conj           0%         1d3       41%         1
 Slow                     Hex            0%         N/A       41%         1
 Blink                    Tloc           0%         N/A       56%         2
 Call Imp                 Summ           0%         N/A       56%         2
 Lesser Beckoning         Tloc           0%         N/A       56%         2
 Momentum Strike          Conj/Tloc      0%         3d8       56%         2
 Confusing Touch          Hex            0%         N/A       80%         3
 Frozen Ramparts          Ice            0%         1d1       80%         3
 Hailstorm                Conj/Ice       0%         3d3       80%         3
 Mephitic Cloud           Conj/Pois/Air  0%         N/A       80%         3
 Vampiric Draining        Necr           0%         2d6       80%         3
 Vhi's Electric Charge    Tloc/Air       0%         N/A       80%         3
 Ice Form                 Ice/Tmut       0%         N/A       99%         4
 Summon Ice Beast         Ice/Summ       0%         N/A       99%         4
 Arcjolt                  Conj/Air       0%         1d10      100%        5
 Plasma Beam              Fire/Air       0%         2x1d11    100%        6
 Maxwell's Capacitive Co  Air            0%         ∞         100%        8


Dungeon Overview and Level Annotations

Branches:
Dungeon (9/15)             Temple (1/1) D:4            Lair (4/5) D:9
  Slime (1/5) Lair:4          Orc (0/2) D:9
  Swamp: Lair:2-3    Shoals: Lair:2-3     Snake: Lair:2-3    Spider: Lair:2-3

Altars:
Ashenzari
Cheibriados
Dithmenos
Elyvilon
Fedhas
Gozag
Hepliaklqana
Kikubaaqudgha
Makhleb
Nemelex Xobeh
Okawaru
Qazlal
Ru
Sif Muna
Trog
Uskayaw
Wu Jian
Xom
Yredelemnul
Zin
The Shining One

Shops:
D:6 =

Annotations:
Temple 2 transporters


Innate Abilities, Weirdness & Mutations

You are too large for most types of armour.
You have claws for hands.
Your natural rate of healing is unusually fast.
You are covered in fur. (AC +1)
You have tough skin. (AC +1)
You are agile. (Dex +4, Str/Int -1)
Your mind is acute. (Int +4, Str/Dex -1)
Armour fits poorly on your strangely shaped body.
You are strong-willed. (Will+)


Message History

The three-headed hydra grows two more!
You scratch the five-headed hydra.
The five-headed hydra is lightly wounded.
The five-headed hydra bites you. The five-headed hydra bites you! x4
You tear one of the five-headed hydra's heads off!
The four-headed hydra grows two more!
You claw the six-headed hydra!
The six-headed hydra is lightly wounded.
The six-headed hydra barely misses you.
The six-headed hydra bites you but does no damage.
The six-headed hydra barely misses you. The six-headed hydra bites you!
The six-headed hydra bites you but does no damage.
The six-headed hydra barely misses you.
You claw one of the six-headed hydra's heads off!
The five-headed hydra grows two more!
You claw the seven-headed hydra!
The seven-headed hydra is lightly wounded.
The seven-headed hydra misses you. The seven-headed hydra bites you.
The seven-headed hydra bites you but does no damage.
The seven-headed hydra bites you! The seven-headed hydra bites you.
* * * LOW HITPOINT WARNING * * *
The seven-headed hydra closely misses you.
The seven-headed hydra barely misses you.
Uskayaw will force your foes to share their pain.
Okay, then.
As you read the scroll of teleportation, it crumbles to dust.
You feel strangely unstable.
The seven-headed hydra barely misses you.
The seven-headed hydra bites you!
* * * LOW HITPOINT WARNING * * *
The seven-headed hydra closely misses you.
The seven-headed hydra bites you!
* * * LOW HITPOINT WARNING * * *
The seven-headed hydra bites you.
* * * LOW HITPOINT WARNING * * *
The seven-headed hydra closely misses you. x2
The seven-headed hydra attacks as you move away!
The seven-headed hydra bites you but does no damage.
The seven-headed hydra misses you. The seven-headed hydra bites you.
* * * LOW HITPOINT WARNING * * *
The seven-headed hydra closely misses you.
The seven-headed hydra bites you!
You die...

##...................
##...................
#....####.+P.P.......
#..#######.##........
##.####P.#..#P.......
#...##.....###P......
###.##†.....#
#.......
#....#D.....#
#.......
###..@##..### .......
#.P##...####.......
#.###..F#.#........
#..................
.........F.........
##...........D....§.
#...................
##..................
#...##..#.###......


You could see a seven-headed hydra.

Vanquished Creatures
  A quicksilver ooze (Slime:1)
  2 two-headed ogres (D:8)
  A death yak (Lair:2)
  An oklob plant (Lair:4)
  6 elephants (Lair:4)
  A torpor snail (Lair:2)
  3 cane toads
  A komodo dragon (Lair:2)
  2 trolls (D:9)
  Grinder (D:6)
  18 blink frogs
  Sigmund (D:3)
  A wraith (D:9)
  10 yaks
  3 wyverns
  Eustachio (D:5)
  8 vampire mosquitoes (Lair:2)
  A basilisk (Lair:1)
  Edmund (D:6)
  Menkaure (D:6)
  3 water moccasins
  5 orc warriors
  2 black bears
  6 ice beasts
  3 sky beasts
  The ghost of rasy the Conjurer, an amateur DrCj (D:3)
  2 phantoms
  7 ogres
  A centaur (D:9)
  7 kobold brigands
  5 bullfrogs
  7 gnoll sergeants
  2 scorpions (D:6)
  12 wights
  2 jellies
  6 orc priests
  3 hounds
  3 quasits (D:3)
  Jessica (D:2)
  An iguana (D:6)
  A sleepcap (D:7)
  10 orc wizards
  Robin (D:3)
  13 gnolls
  5 adders
  2 shadow imps
  A white imp (D:5)
  An ufetubus (D:3)
  2 worms
  44 orcs
  3 bats
  7 endoplasms
  4 giant cockroaches
  13 goblins
  11 hobgoblins
  2 jackals (D:1)
  9 quokkas
  13 ball pythons
  34 kobolds
  5 rats
324 creatures vanquished.

Notes
Turn   | Place    | Note
-------+----------+-------------------------------------------
     0 | D:1      | Jerry the Troll Monk began the quest for the Orb.
     0 | D:1      | Reached XP level 1. HP: 22/22 MP: 0/0
   114 | D:1      | Reached XP level 2. HP: 24/29 MP: 1/1
   255 | D:1      | Reached XP level 3. HP: 36/36 MP: 2/2
   786 | D:2      | Found a burning altar of Makhleb.
  1021 | D:2      | Reached XP level 4. HP: 33/45 MP: 3/3
  1043 | D:2      | Noticed Jessica
  1050 | D:2      | Killed Jessica
  1500 | D:3      | Reached skill level 4 in Unarmed Combat
  1509 | D:3      | Reached XP level 5. HP: 39/53 MP: 4/4
  1543 | D:3      | Found a transporter.
  1574 | D:3      | Noticed rasy's ghost (amateur DrCj)
  1583 | D:3      | Noticed Robin
  1627 | D:3      | Killed Robin
  1733 | D:3      | Found a transporter.
  2030 | D:3      | Noticed Sigmund
  2049 | D:3      | Killed Sigmund
  2050 | D:3      | Reached XP level 6. HP: 62/62 MP: 5/5
  2399 | D:4      | Noticed an ice beast
  2399 | D:4      | You fall into a shaft and drop 1 floor!
  2399 | D:5      | Entered Level 5 of the Dungeon
  2399 | D:5      | Found an ancient bone altar of Kikubaaqudgha.
  2401 | D:5      | Noticed an ice beast
  2422 | D:5      | Killed an ice beast
  2423 | D:5      | Reached skill level 5 in Unarmed Combat
  2486 | D:5      | Found an iron altar of Okawaru.
  2511 | D:5      | Reached XP level 7. HP: 70/70 MP: 6/6
  2550 | D:5      | Noticed Eustachio
  2568 | D:5      | Killed Eustachio
  2939 | D:5      | Reached skill level 5 in Fighting
  2939 | D:5      | Reached skill level 5 in Dodging
  2939 | D:5      | Reached skill level 6 in Unarmed Combat
  2958 | D:5      | Reached XP level 8. HP: 80/80 MP: 7/7
  3381 | D:4      | Found a white marble altar of Elyvilon.
  3649 | D:4      | Found a staircase to the Ecumenical Temple.
  3656 | Temple   | Entered the Ecumenical Temple
  3656 | Temple   | Found a transporter.
  3656 | Temple   | Found a transporter.
  3658 | Temple   | Found a transporter.
  3658 | Temple   | Found a transporter.
  3680 | Temple   | Became a worshipper of Uskayaw the Reveller
  3680 | Temple   | Reached * piety under Uskayaw
  3783 | D:4      | Reached ** piety under Uskayaw
  4023 | D:3      | Reached skill level 7 in Unarmed Combat
  4026 | D:3      | Reached *** piety under Uskayaw
  4027 | D:3      | Killed rasy's ghost
  4028 | D:3      | Reached **** piety under Uskayaw
  4032 | D:3      | Reached ***** piety under Uskayaw
  4151 | D:6      | Found Hofajes's Jewellery Boutique.
  4191 | D:6      | Reached XP level 9. HP: 84/89 MP: 8/8
  4201 | D:6      | Noticed Menkaure
  4208 | D:6      | Noticed Edmund
  4533 | D:6      | Noticed Grinder
  4540 | D:6      | Killed Grinder
  4591 | D:6      | Reached skill level 8 in Unarmed Combat
  4721 | D:6      | HP: 2/92 [gnoll/+0 halberd[a gnoll sergeant] (10)]
  4866 | D:6      | Killed Menkaure
  5077 | D:6      | Killed Edmund
  5301 | D:7      | Reached skill level 1 in Invocations
  5526 | D:7      | Reached skill level 9 in Unarmed Combat
  5599 | D:7      | Reached XP level 10. HP: 102/102 MP: 10/10
  6159 | D:7      | Identified the ring "Ritrull" {Wiz Str+3}
  6403 | D:8      | Noticed a two-headed ogre
  6413 | D:8      | Killed a two-headed ogre
  6698 | D:8      | Noticed a two-headed ogre
  6706 | D:8      | Killed a two-headed ogre
  6877 | D:8      | Reached ****** piety under Uskayaw
  6878 | D:8      | Reached skill level 10 in Unarmed Combat
  7287 | D:9      | Found a staircase to the Orcish Mines.
  7572 | D:9      | Reached XP level 11. HP: 100/111 MP: 12/12
  7755 | D:9      | Found a staircase to the Lair.
  7983 | D:9      | Gained mutation: You are clumsy. (Dex -2) [potion of
                  | mutation]
  7983 | D:9      | Gained mutation: Your spells are a little harder to cast,
                  | but a little more powerful. [potion of mutation]
  7983 | D:9      | Gained mutation: Your muscles are strong. (Str +4, Int/Dex
                  | -1) [potion of mutation]
  7984 | D:9      | Lost mutation: Your muscles are strong. (Str +4, Int/Dex
                  | -1) [potion of mutation]
  7984 | D:9      | Lost mutation: You are clumsy. (Dex -2) [potion of
                  | mutation]
  7984 | D:9      | Lost mutation: Your spells are a little harder to cast, but
                  | a little more powerful. [potion of mutation]
  7984 | D:9      | Gained mutation: You are agile. (Dex +4, Str/Int -1)
                  | [potion of mutation]
  7984 | D:9      | Gained mutation: You are partially covered in iridescent
                  | scales. (AC +2) [potion of mutation]
  8053 | Lair:1   | Entered Level 1 of the Lair of Beasts
  8129 | Lair:1   | Reached skill level 11 in Unarmed Combat
  8196 | Lair:1   | Lost mutation: You are agile. (Dex +4, Str/Int -1) [potion
                  | of mutation]
  8196 | Lair:1   | Lost mutation: You are partially covered in iridescent
                  | scales. (AC +2) [potion of mutation]
  8196 | Lair:1   | Gained mutation: Armour fits poorly on your strangely
                  | shaped body. [potion of mutation]
  8196 | Lair:1   | Gained mutation: Your mind is acute. (Int +4, Str/Dex -1)
                  | [potion of mutation]
  8196 | Lair:1   | Gained mutation: You are strong-willed. (Will+) [potion of
                  | mutation]
  8196 | Lair:1   | Gained mutation: You are agile. (Dex +4, Str/Int -1)
                  | [potion of mutation]
  8321 | Lair:1   | Reached skill level 1 in Armour
  9072 | Lair:2   | Noticed a death yak
  9092 | Lair:2   | Killed a death yak
  9225 | Lair:2   | Reached skill level 5 in Invocations
  9456 | Lair:2   | Reached skill level 12 in Unarmed Combat
  9486 | Lair:2   | You fall into a shaft and drop 2 floors!
  9486 | Lair:4   | Noticed an oklob plant
  9486 | Lair:4   | Found a staircase to the Slime Pits.
  9509 | Lair:4   | Reached XP level 12. HP: 55/122 MP: 15/15
  9572 | Slime:1  | Entered Level 1 of the Pits of Slime
  9635 | Slime:1  | Noticed a quicksilver ooze
  9649 | Slime:1  | Killed a quicksilver ooze
  9826 | Lair:4   | Noticed a four-headed hydra
  9851 | Lair:4   | Mangled by a seven-headed hydra

Illustrated notes

Levels and vault maps discovered:
D:1:      reono_arrival_mine, layout_basic, hangedman_decor_points,
          grunt_decor_mini_mirrors
D:2:      layout_basic, basic_altar, minmay_circled_x, uniq_jessica
D:3:      layout_loops_corners, gammafunk_ghost_stat_death, nicolae_titane,
          uniq_robin, uniq_sigmund
D:4:      layout_basic, elyvilon_altar_3, temple_green,
          nicolae_ossuary_entry_monument
D:5:      layout_loops_cross, mainiacjoe_overflow_catch_the_wave,
          kennysheep_generic_room_2, uniq_eustachio
D:6:      layout_gridville, serial_shops, nicolae_shop_statue_plus,
          minmay_misc_feat_rugged, kennysheep_generic_room_5, uniq_edmund,
          uniq_grinder, uniq_menkaure
D:7:      layout_layer_cave, kennysheep_generic_room_4
D:8:      layout_basic, grunt_ministairs_2
D:9:      layout_roguey, lair_entry_dummy,
          kennysheep_orc_monster_closet_entryway
Temple:   hellmonk_temple_divided_pantheon
Lair:1:   layout_cave_pods, grunt_megastairs_5, lemuel_fruit_tree
Lair:2:   layout_loops_ring, minmay_swamp_entry_swarm, st_stairs_5,
          mumra_transporter_accident, grunt_forest_large_clearing_hut
Lair:4:   beast_lair_carwin_large_1, layout_regular_city, slime_entry_1,
          patterned_corridor
Slime:1:  layout_caves

Skill      XL: |  1  2  3  4  5  6  7  8  9 10 11 12 |
---------------+-------------------------------------+-----
Fighting       | 3 4 5 6 7 8 9 |  9.1
Dodging        | 3 4 5 6 7 8 9 |  9.1
Unarmed Combat | 4 5 6 7 9 10 12 | 12.7
Invocations    | 1 3 5 6 |  6.0
Armour         | 3 |  3.7

Action                     |  1- 3 |  4- 6 |  7- 9 | 10-12 || total
---------------------------+-------+-------+-------+-------++-------
  Melee: Unarmed           |    67 |   126 |   263 |   430 ||   886
  Evoke: Wand              |       |       |       |     1 ||     1
    Use: Scroll            |       |       |    15 |     9 ||    24
         Potion            |       |       |       |     5 ||     5
   Stab: Paralysed         |       |       |     4 |    28 ||    32
 Armour: Robe              |    18 |    22 |    85 |    36 ||   161
         Troll leather arm |       |       |       |    54 ||    54
  Dodge: Dodged            |    25 |    49 |   175 |   228 ||   477
